 Dungeon Crawl Stone Soup version 0.23-a0-38-g6d804a8 (webtiles) character file.

224 Kikal the Conjurer (level 5, -4/28 HPs)
             Began as a Deep Elf Conjurer on Aug 5, 2018.
             Was an Initiate of Vehumet.
             Killed from afar by an orc wizard (5 damage)
             ... with a magic dart
             ... on level 3 of the Dungeon.
             The game lasted 00:16:23 (3025 turns).

Kikal the Conjurer (Deep Elf Conjurer)              Turns: 3025, Time: 00:16:24

Health: -4/28      AC:  4    Str:  9    XL:     5   Next: 67%
Magic:  12/14      EV: 13    Int: 21    God:    Vehumet [......]
Gold:   98         SH:  0    Dex: 15    Spells: 3/14 levels left

rFire    . . .     SeeInvis .   d - +0 hand axe
rCold    . . .     Gourm    .   (no shield)
rNeg     . . .     Faith    .   a - +0 robe
rPois    .         Spirit   .   (no helmet)
rElec    .         Reflect  .   g - +0 cloak
rCorr    .         Harm     .   (no gloves)
MR       .....                  x - +0 pair of boots
Stlth    ++........             (no amulet)
HPRegen  0.09/turn              b - +4 ring of strength
MPRegen  0.14/turn              (no ring)

@: no status effects
A: no striking features
a: Renounce Religion


You were on level 3 of the Dungeon.
You worshipped Vehumet.
Vehumet was noncommittal.
You were hungry.

You visited 2 branches of the dungeon, and saw 5 of its levels.

You collected 98 gold pieces.

Inventory:

Hand Weapons
 d - a +0 hand axe (weapon)
 e - a +1 whip of holy wrath
Missiles
 i - 81 stones (quivered)
 j - 12 javelins
 m - 13 poisoned needles
Armour
 a - a +0 robe (worn)
 g - a +0 cloak (worn)
 x - a +0 pair of boots (worn)
Jewellery
 b - a +4 ring of strength (left hand)
 o - an uncursed ring of protection from magic {unknown}
Wands
 w - a wand of iceblast (14)
Scrolls
 k - 2 scrolls of enchant weapon {unknown}
 n - a scroll of amnesia {unknown}
 s - a scroll of immolation {unknown}
 t - a scroll of remove curse {unknown}
 v - a scroll of fog {unknown}
 y - a scroll of blinking {unknown}
 z - a scroll of enchant armour {unknown}
Potions
 f - a potion of flight {unknown}
 h - a potion of ambrosia
 l - a potion of heal wounds {unknown}
 q - 2 potions of curing {unknown}
 r - a potion of brilliance {unknown}
 u - a potion of might {unknown}
Comestibles
 c - 7 rations


   Skills:
 - Level 2.4 Dodging
 - Level 2.4 Stealth
 - Level 5.1 Spellcasting
 + Level 6.1 Conjurations
 + Level 3.2 Hexes


You had 3 spell levels left.
You knew the following spells:

 Your Spells              Type           Power        Failure   Level  Hunger
a - Magic Dart            Conj           ####         1%          1    None
b - Searing Ray           Conj           ####..       1%          2    None
c - Fulminant Prism       Conj/Hex       ####......   16%         4    ####...
d - Iskenderun's Mystic   Conj           ####....     9%          4    ####...

Your spell library contained the following spells:

 Spells                   Type           Power        Failure   Level  Hunger
 Dazzling Spray           Conj/Hex       ####..       4%          3    ##.....
 Force Lance              Conj/Tloc      ###.....     30%         4    ####...


Dungeon Overview and Level Annotations

Branches:
Dungeon (4/15)             Temple (1/1) D:4

Altars:
Ashenzari
Dithmenos
Elyvilon
Qazlal
Sif Muna
Trog
Uskayaw
Vehumet
Zin
Jiyva


Message History

The orc priest misses you.
The orc priest hits you but does no damage.
The orc wizard casts a spell at you. The puff of flame hits you!
There is a stone staircase leading down here.
You take 6 damage, and have 18/28 hp.
MASSIVE DAMAGE!!
The orc wizard closely misses you.
The orc wizard gestures wildly while chanting.
The orc wizard flickers and vanishes!
The orc priest looks satisfied for a moment.
A puff of flame appears from out of thin air!
The puff of flame hits you!
You take 5 damage, and have 13/28 hp.
The orc priest mumbles some strange prayers to Beogh against you.
Beogh smites you!
* * * LOW HITPOINT WARNING * * *
You take 12 damage, and have 1/28 hp.
MASSIVE DAMAGE!!
The orc wizard gestures at you while chanting.
The magic dart hits you!
You die...

............#####.#..#.o.......
...#.###...## #.##.##........
..... #.....# #.....#.o......
....# #......###....og........
.. #.####........#>........ ..
##.#...............
...#####......o..........
#..........o....<.......
.......@o<..............
#########...............
..........#.#.#...
...#....o..........
...................
...#........##.#.#.
............###....> ###
#.......# #... .


You could see an orc priest, 2 orc wizards and 2 orcs.

Vanquished Creatures
  A scorpion (D:4)
  A howler monkey (D:4)
  A hound (D:4)
  A worker ant (Temple)
  An adder (D:2)
  6 leopard geckos
  10 orcs
  7 giant cockroaches
  4 goblins
  6 hobgoblins (D:2)
  5 kobolds
  A quokka (D:3)
  6 bats
  6 frilled lizards
  4 rats
60 creatures vanquished.

Vanquished Creatures (others)
  3 fulminant prisms
3 creatures vanquished.

Grand Total: 63 creatures vanquished

Notes
Turn   | Place    | Note
-------+----------+-------------------------------------------
     0 | D:1      | Kikal the Deep Elf Conjurer began the quest for the Orb.
     0 | D:1      | Reached XP level 1. HP: 10/10 MP: 6/6
   204 | D:1      | Reached XP level 2. HP: 15/15 MP: 5/8
   215 | D:1      | Learned a level 2 spell: Searing Ray
   772 | D:2      | Reached skill level 4 in Spellcasting
   785 | D:2      | Reached skill level 5 in Conjurations
   785 | D:2      | Reached XP level 3. HP: 19/19 MP: 4/10
  2114 | D:2      | Reached XP level 4. HP: 23/24 MP: 10/12
  2126 | D:2      | Learned a level 4 spell: Fulminant Prism
  2131 | D:2      | Learned a level 4 spell: Iskenderun's Mystic Blast
  2355 | D:4      | Found a staircase to the Ecumenical Temple.
  2371 | Temple   | Entered the Ecumenical Temple
  2575 | Temple   | Became a worshipper of Vehumet
  2607 | D:4      | Reached skill level 5 in Spellcasting
  2607 | D:4      | Reached skill level 1 in Hexes
  2730 | D:4      | Reached skill level 2 in Hexes
  2730 | D:4      | Reached XP level 5. HP: 23/28 MP: 5/14
  2743 | D:4      | Reached skill level 6 in Conjurations
  2839 | Temple   | Reached skill level 3 in Hexes
  3024 | D:3      | HP: 1/28 [orc priest/divine providence (12)]
  3025 | D:3      | Killed from afar by an orc wizard

Vault maps used:
D:1:      lightli_arrival_noodles
D:2:      wad_orctagon
D:3:      lemuel_coloured_pillars_altar, first_ration
D:4:      minmay_temple_entry_overgrown
Temple:   pf_slime_end_temple

Skill      XL: |  1  2  3  4  5 |
---------------+----------------+-----
Spellcasting   | 4 5 |  5.1
Conjurations   | 5 6 |  6.1
Hexes          | 2 3 |  3.2
Dodging        | |  2.4
Stealth        | |  2.4

Action                   |  1- 3 |  4- 6 || total
-------------------------+-------+-------++-------
Melee: Hand axe          |    19 |    17 ||    36
 Cast: Magic Dart        |    82 |    32 ||   114
       Fulminant Prism   |       |     3 ||     3
       Searing Ray       |       |     3 ||     3
  Use: Potion            |       |     1 ||     1
  Eat: Chunk             |     3 |     3 ||     6
Armor: Robe              |     9 |    11 ||    20
Dodge: Dodged            |    33 |    41 ||    74

Table legend:
 A = Spawn XP
 B = Non-spawn XP
 C = Spawn XP percentage of total XP
 D = Spawn monster count
 E = Non-spawn monster count
 F = Spawn count percentage of total count
 G = Total turns spent on level
                    A         B        C        D         E        F      G
               +---------+---------+-------+---------+---------+-------+---------
         Total |       0 |     321 |   0.0 |       0 |      60 |   0.0 |  3025
               +---------+---------+-------+---------+---------+-------+---------
           D:1 |       0 |      26 |   0.0 |       0 |      16 |   0.0 |   743
           D:2 |       0 |      71 |   0.0 |       0 |      29 |   0.0 |  1371
           D:3 |       0 |      17 |   0.0 |       0 |       7 |   0.0 |   249
           D:4 |       0 |     172 |   0.0 |       0 |       6 |   0.0 |   217
        Temple |       0 |      35 |   0.0 |       0 |       2 |   0.0 |   445
               +---------+---------+-------+---------+---------+-------+---------
